AoeStats
← Lucka

Black Forest

505918374Analyzed
3v3 RM · 22d ago on Sep 11, 2026· 87m 5s· 6 players
Game mode
Random Map
Map size
Normal (6 player)
Population
200
Speed
Normal
Resources
Standard
Victory
Conquest
Starting age
Dark Age
Ending age
Imperial Age
RankedLock teamsTeams togetherTeam positionsShared explorationLock speedFull tech treeHidden civsTurbo modeCheats
Victory
Defeat
🇷🇴 Dravidians · Romania
547
+13
🇷🇴 Bohemians · Romania
469
+16
🇷🇴 Poles · Romania
436
+17
617
-21
🇹🇷 Hindustanis · Türkiye
410
-13
🇩🇪 Magyars · Germany
390
-12
wecinu2000
13:25 Feudal Age
14:05 Double-Bit Axe
15:35 Wheelbarrow
14:46 Loom
20:59 Horse Collar
25:38 Castle Age
26:40 Hand Cart
26:41 Bow Saw
26:44 Heavy Plow
28:02 Caravan
29:54 Town Watch
32:44 Fortified Wall
32:56 Ballistics
32:32 Murder Holes
33:38 Chemistry
34:02 Herbal Medicine
38:45 Imperial Age
37:35 Treadmill Crane
38:06 Masonry
37:59 Town Patrol
38:41 Wagenburg Tactics
39:14 Squires
38:35 Pikeman
39:01 Arson
39:19 Husbandry
38:43 Elite Skirmisher
39:26 Padded Archer Armor
39:28 Scale Mail Armor
39:50 Cavalier
40:24 Fletching
40:17 Elite Hussite Wagon
42:27 Architecture
42:31 Conscription
45:24 Houfnice
48:04 Two-Man Saw
50:56 Siege Engineers
50:27 Sappers
50:28 Halberdier
52:43 Heavy Scorpion
55:14 Fervor
55:05 Atonement
55:16 Redemption
55:22 Block Printing
55:33 Illumination
55:10 Devotion
55:31 Sanctity
55:47 Theocracy
55:33 Heresy
56:42 Crossbowman
56:58 Light Cavalry
58:04 Leather Archer Armor
58:03 Forging
58:09 Chain Mail Armor
57:51 Bodkin Arrow
58:02 Scale Barding Armor
60:37 Ring Archer Armor
60:44 Iron Casting
60:48 Man-at-Arms
64:54 Hussite Reforms
64:26 Arbalester
65:40 Plate Mail Armor
65:11 Bracer
66:11 Blast Furnace
65:32 Chain Barding Armor
71:56 Long Swordsman
78:04 Two-Handed Swordsman
Lucka
15:20 Feudal Age
13:59 Loom
15:46 Double-Bit Axe
15:46 Horse Collar
18:12 Wheelbarrow
17:38 Loom
19:20 Gold Mining
22:01 Stone Mining
27:42 Castle Age
26:32 Loom
28:24 Heavy Plow
28:40 Bow Saw
30:53 Stone Shaft Mining
32:59 Hand Cart
32:44 Loom
32:50 Town Watch
33:44 Padded Archer Armor
33:36 Fletching
33:58 Forging
33:49 Scale Mail Armor
34:20 Scale Barding Armor
35:05 Arson
35:21 Squires
34:42 Pikeman
34:53 Elite Skirmisher
37:34 Town Patrol
37:58 Ballistics
37:20 Treadmill Crane
37:51 Masonry
37:34 Guard Tower
37:57 Fortified Wall
41:19 Szlachta Privileges
44:31 Imperial Age
43:13 Iron Casting
43:41 Coinage
43:39 Caravan
45:45 Crop Rotation
45:43 Leather Archer Armor
46:15 Banking
47:18 Chemistry
48:54 Elite Obuch
58:33 Lechitic Legacy
PoliteHades9302
0:50 Loom
13:51 Feudal Age
16:26 Horse Collar
16:36 Double-Bit Axe
18:32 Wheelbarrow
17:43 Town Watch
18:58 Gold Mining
18:59 Stone Mining
25:38 Castle Age
27:08 Coinage
26:53 Bow Saw
26:47 Heavy Plow
27:53 Hand Cart
27:39 Town Patrol
28:48 Scale Mail Armor
28:51 Padded Archer Armor
28:57 Scale Barding Armor
29:03 Forging
28:43 Fletching
30:22 Chain Mail Armor
32:30 Masonry
34:11 Arson
34:27 Squires
33:48 Pikeman
33:50 Man-at-Arms
34:15 Gambesons
34:22 Elite Skirmisher
35:23 Leather Archer Armor
40:21 Imperial Age
40:28 Fortified Wall
40:14 Murder Holes
40:10 Guard Tower
40:41 Ballistics
40:12 Heated Shot
40:29 Siphons
40:22 Bodkin Arrow
41:03 Iron Casting
40:49 Chain Barding Armor
40:38 Caravan
42:02 Plate Mail Armor
42:44 Two-Man Saw
43:04 Banking
43:28 Siege Elephant
44:34 Conscription
44:21 Medical Corps
44:54 Ring Archer Armor
45:04 Elite Urumi Swordsman
46:09 Wootz Steel
46:25 Hoardings
46:05 Guilds
47:00 Blast Furnace
46:25 Heavy Scorpion
46:33 Halberdier
46:34 Long Swordsman
47:44 Bracer
47:33 Arrowslits
47:52 Onager
48:45 Husbandry
48:48 Two-Handed Swordsman
49:32 Light Cavalry
49:36 Champion
50:59 Keep
51:25 Chemistry
50:36 Elite Urumi Swordsman
54:21 Elite Elephant Archer
55:07 Thumb Ring
54:23 Crossbowman
56:17 Arbalester
66:10 Siege Onager
70:03 Devotion
70:04 Atonement
70:20 Block Printing
70:26 Sanctity
70:42 Theocracy
70:03 Herbal Medicine
70:30 Bombard Tower
70:21 Incendiaries
70:32 Shipwright
70:23 Clinker Construction
70:24 Careening
74:19 Faith
74:58 Carvel Hull
烏薩馬‌·本·拉登
0:41 Loom
14:04 Feudal Age
14:49 Gold Mining
14:43 Horse Collar
15:11 Double-Bit Axe
24:57 Castle Age
27:08 Heavy Plow
27:23 Bow Saw
27:56 Scale Mail Armor
28:06 Forging
27:59 Padded Archer Armor
27:49 Fletching
28:05 Scale Barding Armor
31:49 Imperial Age
32:13 Elite Skirmisher
32:22 Light Cavalry
33:56 Crop Rotation
35:02 Ballistics
35:07 Conscription
35:36 Leather Archer Armor
35:18 Bodkin Arrow
35:44 Chain Barding Armor
37:44 Bloodlines
39:13 Ring Archer Armor
38:46 Bracer
40:43 Chemistry
41:13 Plate Barding Armor
42:28 Hussar
43:09 Husbandry
44:45 Thumb Ring
47:53 Two-Man Saw
47:20 Silk Road
47:13 Elite Genoese Crossbowman
51:20 Iron Casting
53:09 Hoardings
53:01 Fortified Wall
BRK4509
16:09 Feudal Age
14:26 Loom
18:34 Horse Collar
18:45 Double-Bit Axe
21:32 Bloodlines
27:34 Castle Age
27:37 Gold Mining
27:38 Stone Mining
28:42 Bow Saw
28:39 Heavy Plow
29:32 Husbandry
28:54 Light Cavalry
32:34 Gold Shaft Mining
32:36 Stone Shaft Mining
41:08 Grand Trunk Road
41:52 Padded Archer Armor
41:43 Fletching
42:00 Scale Barding Armor
41:56 Scale Mail Armor
42:08 Forging
46:39 Fortified Wall
46:21 Guard Tower
46:27 Murder Holes
46:43 Masonry
46:55 Ballistics
49:15 Imperial Age
47:21 Wheelbarrow
46:33 Town Watch
52:20 Heavy Camel Rider
52:22 Hussar
54:47 Hoardings
55:53 Conscription
57:49 Elite Ghulam
63:08 Heavy Cavalry Archer
63:39 Siege Elephant
68:47 Leather Archer Armor
68:28 Bodkin Arrow
Bloody Mary
1:03 Loom
Connection lost

Rejoining the realm…

Still unreachable

The connection could not be restored.

Session expired

The server has moved on; the page needs a fresh start.